 Dungeon Crawl Stone Soup version 0.18-a0-1789-gbeff17f (webtiles) character file.

63 Zhenya25pyc the Shield-Bearer (level 4, -2/28 HPs)
             Began as a Gargoyle Fighter on Apr 21, 2016.
             Killed from afar by a white imp (9 damage)
             ... with a puff of frost
             ... summoned by heinrich's ghost
             ... on level 3 of the Dungeon.
             The game lasted 00:03:05 (1661 turns).

Zhenya25pyc the Shield-Bearer (Gargoyle Fighter)    Turns: 1661, Time: 00:03:06

Health: -2/28      AC: 12    Str: 20    XL:     4   Next: 9%
Magic:  4/4        EV:  7    Int:  9    God:
Gold:   109        SH:  9    Dex:  9    Spells: 0 memorised, 3 levels left

rFire  . . .     SeeInvis +     a - +0 flail
rCold  . . .     Gourm    .     b - +0 scale mail
rNeg   + . .     Faith    .     c - +0 shield
rPois  ∞         Spirit   .     (no helmet)
rElec  +         Dismiss  .     r - +0 cloak
rCorr  .         Reflect  .     m - +0 pair of gloves
SustAt .         Harm     .     (no boots)
MR     .....                    t - amulet of rage
Stlth  ..........               h - ring of see invisible
                                (no ring)

@: not resistant to hostile enchantments, extremely unstealthy
A: negative energy resistance 1, electricity resistance, unbreathing,
petrification resistance, rot immunity, AC +3
a: Evoke Berserk Rage


You were on level 3 of the Dungeon.
You were not hungry.

You visited 1 branch of the dungeon, and saw 3 of its levels.

You collected 109 gold pieces.

Inventory:

Hand Weapons
 a - a +0 flail (weapon)
Armour
 b - a +0 scale mail (worn)
 c - a +0 shield (worn)
 m - a +0 pair of gloves (worn)
 r - a +0 cloak (worn)
Jewellery
 h - a ring of see invisible (right hand)
 t - an amulet of rage (around neck)
Scrolls
 e - 2 scrolls of random uselessness {unknown}
 g - 3 scrolls of enchant weapon {unknown}
 l - 5 scrolls of identify {unknown}
 n - 2 scrolls of amnesia {unknown}
 o - 2 scrolls of enchant armour {unknown}
 p - 4 scrolls of magic mapping {unknown}
 q - 2 scrolls of blinking {unknown}
 s - a scroll of immolation {unknown}
 u - 3 scrolls of teleportation {unknown}
Potions
 d - a potion of might
 v - a potion of heal wounds {unknown}
 x - 2 potions of flight {unknown}
Books
 y - a Necronomicon

   Spells                             Type                      Level
   a - Haunt                          Necromancy/Summoning         7
   b - Borgnjor's Revivification      Necromancy                   8
   c - Death's Door                   Charms/Necromancy            8
   d - Necromutation                  Transmutation/Necromancy     8
Comestibles
 f - a bread ration
 i - 5 fruits
 j - 2 beef jerkies
 k - a slice of pizza
 w - a chunk of flesh


   Skills:
 + Level 3.5 Fighting
 + Level 2.4 Maces & Flails
 + Level 3.8 Armour
 + Level 1.1 Dodging
 + Level 4.0 Shields


You had 3 spell levels left.
You didn't know any spells.

Dungeon Overview and Level Annotations

Branches:
Dungeon (3/15)

Altars:
The Shining One

Annotations:
D:3 heinrich's ghost, amateur FeSu


Innate Abilities, Weirdness & Mutations

You are resistant to torment.
Your stone body is resilient (AC +3).
You are immune to poison.
You resist negative energy.
You are resistant to electric shocks.
You can survive without breathing.
You are immune to petrification.
You are immune to rotting.


Message History

You closely miss the crimson imp.
The crimson imp is moderately wounded.
The crimson imp blinks!
The shadow imp barely misses you. Heinrich's ghost hits you.
You closely miss heinrich's ghost. The shadow imp hits you.
* * * LOW HITPOINT WARNING * * *
The crimson imp grinds its teeth.
Heinrich's ghost hits you but does no damage.
The shadow imp hits you but does no damage.
You are too injured to fight recklessly!
You are too injured to fight recklessly!
You are too injured to fight recklessly!
You are too injured to fight recklessly!
You are too injured to fight recklessly!
You hit the shadow imp.
The shadow imp is moderately wounded.
Heinrich's ghost barely misses you. The white imp gestures at you.
The puff of frost hits you!
You die...

.# .# # ..#
.# ..#.
#####...
#.5...##...
#.#).......
#.#@# #.W5#
#.5## #..#
#..# #..# #
#..# .#
#..######.###
#..)......<.


You could see heinrich's ghost, a crimson imp, a white imp and a shadow imp.

Vanquished Creatures
  An adder (D:3)
  A dart slug (D:2)
  2 giant geckos (D:1)
  An orc (D:3)
  3 giant cockroaches
  9 goblins
  4 hobgoblins
  3 jackals (D:1)
  8 bats
  2 giant newts (D:1)
  6 kobolds
  7 rats
47 creatures vanquished.

Notes
Turn   | Place    | Note
--------------------------------------------------------------
     0 | D:1      | Zhenya25pyc the Gargoyle Fighter began the quest for the Orb.
     0 | D:1      | Reached XP level 1. HP: 14/14 MP: 1/1
   198 | D:1      | Reached XP level 2. HP: 19/19 MP: 2/2
   712 | D:1      | Reached XP level 3. HP: 21/23 MP: 3/3
  1106 | D:2      | Reached skill level 1 in Dodging
  1460 | D:2      | Found a glowing golden altar of the Shining One.
  1649 | D:3      | Reached skill level 4 in Shields
  1649 | D:3      | Reached XP level 4. HP: 15/28 MP: 4/4
  1651 | D:3      | Noticed heinrich's ghost (amateur FeSu)
  1661 | D:3      | Killed from afar by a white imp

Vault maps used:
D:1:      dpeg_arrival_simpleton_b, kennysheep_doodads
D:2:      hex_large, tso_altar
D:3:      grunt_ministairs_9, minmay_shallow_snake_nest

Skill      XL: |  1  2  3 |
---------------+----------+-----
Dodging        | 1 |  1.1
Shields        | 4 |  4.0
Fighting       | |  3.5
Maces & Flails | |  2.4
Armour         | |  3.8

Action                   |  1- 3 |  4- 6 || total
-------------------------+-------+-------++-------
Melee: Flail             |   190 |    12 ||   202
  Eat: Chunk             |     3 |       ||     3
Armor: Scale mail        |   129 |     8 ||   137
Dodge: Dodged            |    81 |     6 ||    87
Block: Shield            |   116 |     5 ||   121
